 Dungeon Crawl Stone Soup version 0.21-a0-91-ga5031da (webtiles) character file.

277 grindst0ne the Covered (level 6, -3/57 HPs)
             Began as a Minotaur Fighter on June 28, 2017.
             Slain by grindst0ne's ghost (8 damage)
             ... on level 3 of the Dungeon.
             The game lasted 00:03:29 (1235 turns).

grindst0ne the Covered (Minotaur Fighter)           Turns: 1235, Time: 00:03:30

Health: -3/57      AC:  7    Str: 22    XL:     6   Next: 4%
Magic:  5/5        EV:  7    Int:  5    God:
Gold:   87         SH: 10    Dex: 10    Spells: 5/5 levels left

rFire    . . .     SeeInvis .   a - +0 war axe
rCold    . . .     Gourm    .   c - +1 shield
rNeg     . . .     Faith    .   b - +0 scale mail
rPois    .         Spirit   .   (helmet restricted)
rElec    .         Reflect  .   (no cloak)
rCorr    .         Harm     .   (no gloves)
MR       .....                  (no boots)
Stlth    ..........             (no amulet)
HPRegen  0.19/turn              q - ring of flight
MPRegen  0.09/turn              (no ring)

@: berserk cooldown, very slightly contaminated, slowed, invisible, very slow
A: retaliatory headbutt, horns 2
a: Evoke Flight


You were on level 3 of the Dungeon.
You were hungry.

You visited 1 branch of the dungeon, and saw 3 of its levels.

You collected 87 gold pieces.

Inventory:

Hand Weapons
 a - a +0 war axe (weapon)
Armour
 b - a +0 scale mail (worn)
 c - a +1 shield (worn)
 k - a +0 large shield
Jewellery
 i - an uncursed ring of wizardry {unknown}
 q - a ring of flight (left hand)
Scrolls
 e - a scroll of identify
 j - a scroll of enchant weapon {unknown}
 m - a scroll of random uselessness {unknown}
 n - 2 scrolls of teleportation
Potions
 d - a potion of berserk rage
 p - a potion of mutation
 r - a potion of magic {unknown}
Comestibles
 f - a bread ration
 h - 2 fruits
 l - 11 chunks of flesh
 o - a meat ration


   Skills:
 + Level 6.2 Fighting
 - Level 2.4 Axes
 + Level 6.4 Armour
 - Level 3.6 Shields


You had 5 spell levels left.
You didn't know any spells.

Dungeon Overview and Level Annotations

Branches:
Dungeon (3/15)

Altars:

Annotations:
D:3 grindst0ne's ghost, amateur MiFi


Innate Abilities, Weirdness & Mutations

You reflexively headbutt those who attack you in melee.
You have a pair of horns on your head.


Message History

You aren't carrying any items that you can evoke.
You're still recovering from your berserk rage.
You hit grindst0ne's ghost but do no damage.
Grindst0ne's ghost is severely damaged.
You block grindst0ne's ghost's attack. x2; Grindst0ne's ghost hits you.
* * * LOW HITPOINT WARNING * * *
Grindst0ne's ghost freezes you.
* * * LOW HITPOINT WARNING * * *
It was a potion of invisibility.
You fade into invisibility!
You block grindst0ne's ghost's attack.
You are very lightly contaminated with residual magic.
You slash grindst0ne's ghost!
Grindst0ne's ghost is almost destroyed.
Grindst0ne's ghost barely misses you. Grindst0ne's ghost hits you.
* * * LOW HITPOINT WARNING * * *
Grindst0ne's ghost freezes you.
* * * LOW HITPOINT WARNING * * *
Grindst0ne's ghost hits you!
You die...

.....................
...............<....
...........###.....
...#..... ##...#
#.†......#........ ..
#.#........)#####.
....####).....#.#.# #.
#....W#........ #### .
####.@#.##....##... #
####............#
#..#...........##
+..'............# #
#..#............#####
####.....(...........
#.)..(((............#
#..#####...#..........
### ###############


You could see grindst0ne's ghost.

Vanquished Creatures
  Sigmund (D:2)
  5 adders
  2 oozes (D:1)
  2 worms (D:2)
  2 dart slugs (D:1)
  4 leopard geckos
  A ball python (D:2)
  13 bats
  4 giant cockroaches
  6 goblins
  5 hobgoblins
  2 jackals (D:1)
  2 frilled lizards
  5 kobolds
  3 rats
57 creatures vanquished.

Notes
Turn   | Place    | Note
-------+----------+-------------------------------------------
     0 | D:1      | grindst0ne the Minotaur Fighter began the quest for the Orb.
     0 | D:1      | Reached XP level 1. HP: 19/19 MP: 0/0
    40 | D:1      | Reached XP level 2. HP: 26/27 MP: 1/1
   226 | D:1      | Reached XP level 3. HP: 29/34 MP: 2/2
   579 | D:2      | Noticed Sigmund
   611 | D:2      | Killed Sigmund
   611 | D:2      | Reached skill level 5 in Fighting
   611 | D:2      | Reached skill level 5 in Armour
   611 | D:2      | Reached XP level 4. HP: 28/44 MP: 3/3
   611 | D:2      | Reached XP level 5. HP: 32/50 MP: 4/4
  1182 | D:3      | Reached XP level 6. HP: 45/57 MP: 5/5
  1217 | D:3      | Noticed grindst0ne's ghost (amateur MiFi)
  1235 | D:3      | Slain by grindst0ne's ghost

Vault maps used:
D:1:      dpeg_arrival_simpleton_c
D:2:      uniq_sigmund
D:3:      kennysheep_the_goblin_king, first_bread, kennysheep_cluttered_room,
          minmay_goblin_kobold_house

Skill      XL: |  1  2  3  4  5 |
---------------+----------------+-----
Fighting       | 4 5 6 |  6.2
Armour         | 4 5 6 |  6.4
Axes           | |  2.4
Shields        | |  3.6

Action                   |  1- 3 |  4- 6 || total
-------------------------+-------+-------++-------
Melee: War axe           |   101 |    64 ||   165
       Headbutt          |    11 |     9 ||    20
  Use: Potion            |     3 |     2 ||     5
       Scroll            |       |     6 ||     6
  Eat: Chunk             |       |     1 ||     1
Armor: Scale mail        |    57 |    30 ||    87
       Skin              |     4 |     3 ||     7
Dodge: Dodged            |    31 |    20 ||    51
Block: Shield            |    59 |    46 ||   105
